 Dungeon Crawl Stone Soup version 0.28-a0-1616-g050a50673c (webtiles) character file.

Game seed: 9551344200298640557

7388 Essalna the Destroyer (level 10, 0/72 HPs)
             Began as a Demonspawn Fire Elementalist on Jan 21, 2022.
             Was a Priest of Hepliaklqana.
             Slain by a gnoll (5 damage)
             ... on level 9 of the Dungeon on Jan 22, 2022.
             The game lasted 00:32:48 (11229 turns).

Essalna the Destroyer (DsFE)                       Turns: 11229, Time: 00:32:48

Health: 0/72       AC:  6    Str:  9    XL:     10   Next: 92%
Magic:  19/22      EV: 12    Int: 27    God:    Hepliaklqana [***...]
Gold:   284        SH:  0    Dex: 15    Spells: 22/25 levels left

rFire   + . .      SeeInvis .   D - staff of fire
rCold   . . .      Faith    .   (no shield)
rNeg    . . .      Spirit   .   I - +1 robe {Archmagi}
rPois   +          Reflect  .   (no helmet)
rElec   .          Harm     .   q - +2 cloak
rCorr   .          Rampage  .   (no gloves)
Will    .....      Archmagi +   (no boots)
Stlth   ++........ Clarity  +   (no amulet)
HPRegen 0.22/turn               c - +6 ring of intelligence
MPRegen 0.18/turn               y - ring of poison resistance

@: no status effects
A: reduced essence, hooves 2, foul stench 2, powered by death 2, agile 1,
clarity, subdued magic 1
a: Renounce Religion, Recall Ancestor, Ancestor Identity, Transference


You were on level 9 of the Dungeon.
You worshipped Hepliaklqana.
Hepliaklqana was most pleased with you.
You visited 2 branches of the dungeon, and saw 10 of its levels.

You collected 438 gold pieces.
You spent 154 gold pieces at shops.

Inventory:

Hand Weapons
 g - a +3 dagger of venom
Missiles
 K - a throwing net
Armour
 a - a +0 robe
 p - a +0 cloak
 q - a +2 cloak (worn)
 A - the +0 ring mail "Cablyrph" {rC+ Str+4}
   (You found it on level 5 of the Dungeon)

   Str:       It affects your strength (+4).
   rC:        It protects you from cold.
 E - the +0 leather armour "Bonk" {rN+}
   (You bought it in a shop on level 6 of the Dungeon)

   rN:        It protects you from negative energy.
 I - a +1 robe of the Archmagi (worn)
 J - a +1 robe of cold resistance
Magical Staves
 D - a staff of fire (weapon)
 H - a staff of air
Jewellery
 c - a +6 ring of intelligence (left hand)
 y - a ring of poison resistance (right hand)
Wands
 l - a wand of polymorph (4)
 L - a wand of iceblast (14)
 M - a wand of mindburst (12)
Scrolls
 b - a scroll of noise
 e - 2 scrolls of magic mapping
 i - 8 scrolls of identify
 j - a scroll of torment
 r - a scroll of blinking
 v - a scroll of fog {unknown}
 w - a scroll of acquirement {unknown}
 x - a scroll of holy word {unknown}
 z - 2 scrolls of teleportation {unknown}
 B - a scroll of silence {unknown}
 C - a scroll of enchant armour {unknown}
 G - a scroll of immolation {unknown}
Potions
 d - a potion of heal wounds
 f - a potion of invisibility {unknown}
 h - 4 potions of curing
 k - a potion of brilliance
 u - 2 potions of might
 F - a potion of berserk rage {unknown}


   Skills:
 + Level 7.9 Fighting
 + Level 1.4 Armour
 + Level 2.5 Dodging
 - Level 1.7 Stealth
 + Level 8.0 Spellcasting
 + Level 8.4 Conjurations
 + Level 8.3 Fire Magic


You had 22 spell levels left.
You knew the following spells:

 Your Spells              Type           Power      Damage    Failure   Level
a - Foxfire               Conj/Fire      100%       2x1d9     1%          1
b - Scorch                Fire           100%       2d10      1%          2

Your spell library contained the following spells:

 Spells                   Type           Power      Damage    Failure   Level
 Conjure Flame            Conj/Fire      77%        6-21      1%          3
 Flame Wave               Conj/Fire      77%        2d14      1%          4
 Inner Flame              Hex/Fire       55%        N/A       2%          3
 Blink                    Tloc           24%        N/A       6%          2
 Lesser Beckoning         Tloc           12%        N/A       13%         3
 Manifold Assault         Tloc           12%        N/A       78%         5


Dungeon Overview and Level Annotations

Branches:
Dungeon (9/15)             Temple (1/1) D:5
   Lair: D:8-11         Orc: D:9-12

Altars:
Cheibriados
Dithmenos
Elyvilon
Hepliaklqana
Kikubaaqudgha
Makhleb
Nemelex Xobeh
Okawaru
Ru
Sif Muna
Uskayaw
Wu Jian
Yredelemnul
Zin

Shops:
D:5 !   D:6 [


Innate Abilities, Weirdness & Mutations

Your life essence is reduced to manifest your ancestor. (-10% HP)
You have hoof-like feet.
You sometimes emit foul miasma when damaged in melee.
You regenerate health from kills.
You are agile. (Dex +2)
You possess an exceptional clarity of mind.
Your spells are a little easier to cast, but a little less powerful.


Message History

The gnoll sergeant is moderately wounded.
The foxfire hits the gnoll.
The gnoll is almost dead.
The gnoll hits you with a +0 whip.
The gnoll sergeant hits you from afar with a +0 spear.
The gnoll hits you from afar with a +0 spear.
The gnoll barely misses you.
You feel a strong surge of power!
You conjure some foxfire!
The foxfire hits the gnoll but does no damage.
The gnoll is almost dead.
The foxfire hits the gnoll!
The gnoll is heavily wounded.
The gnoll hits you with a +0 whip.
The gnoll sergeant hits you from afar with a +0 spear!
The gnoll hits you from afar with a +0 spear.
The gnoll hits you but does no damage.
You are too injured to fight recklessly!
You are too injured to fight recklessly!
You are too injured to fight recklessly!
You struggle against the net.
The foxfire hits the gnoll.
The gnoll is severely wounded.
The foxfire hits the gnoll.
The gnoll is almost dead.
The gnoll hits you with a +0 whip.
The gnoll sergeant hits you from afar with a +0 spear!
The gnoll hits you from afar with a +0 spear. x2
You struggle against the net.
The gnoll hits you with a +0 whip.
* * * LOW HITPOINT WARNING * * *
The gnoll hits you with a +0 whip.
* * * LOW HITPOINT WARNING * * *
The gnoll sergeant hits you from afar with a +0 spear.
* * * LOW HITPOINT WARNING * * *
The gnoll hits you from afar with a +0 spear!
* * * LOW HITPOINT WARNING * * *
The gnoll hits you from afar with a +0 spear.
* * * LOW HITPOINT WARNING * * *
You shred the net and break free! The gnoll hits you but does no damage.
The gnoll completely misses you. The gnoll sergeant closely misses you.
The gnoll hits you from afar with a +0 spear.
You die...

########### ########
#....g....# #.......
#...@g....+ #....(..
#.....g...# #.......
#...g.g...# #..<....
#)........##.........
#...)....<####.......
######+#### #.......
###.#### #.... ####.


You could see a gnoll sergeant and 4 gnolls.

Vanquished Creatures
  Harold (D:8)
  A two-headed ogre (D:7)
  A deep elf pyromancer (D:7)
  A centaur zombie (D:6)
  Joseph (D:8)
  Maggie (D:8)
  2 hornets
  A troll (D:9)
  Prince Ribbit (D:9)
  2 wyverns
  A steam dragon (D:7)
  A water moccasin (D:6)
  5 orc warriors (D:8)
  An ogre (D:5)
  3 centaurs
  3 kobold brigands
  3 bullfrogs
  4 scorpions
  2 gnoll sergeants (D:9)
  A wyvern skeleton (D:6)
  A water moccasin zombie (D:6)
  A water moccasin skeleton (D:3)
  8 wights
  15 killer bees
  4 jellies
  2 hounds
  An orc priest (D:8)
  2 centaur skeletons
  2 iguanas
  5 orc wizards
  2 hound skeletons
  A howler monkey zombie (D:7)
  7 adders
  2 shadow imps
  A white imp (D:5)
  2 ufetubi
  2 worms (D:2)
  25 orcs
  4 ball pythons
  6 bats
  9 endoplasms
  6 giant cockroaches
  11 goblins
  6 hobgoblins
  2 jackals (D:1)
  15 kobolds
  3 frilled lizards
  7 rats
188 creatures vanquished.

Vanquished Creatures (collateral kills)
  A gnoll sergeant (D:7)
  2 wights (D:7)
  A bullfrog zombie (D:7)
  A killer bee zombie (D:7)
  3 foxfires (D:5)
8 creatures vanquished.

Vanquished Creatures (others)
  An ancestor (D:7)
  818 foxfires
  9 fungi (D:6)
828 creatures vanquished.

Grand Total: 1024 creatures vanquished

Notes
Turn   | Place    | Note
-------+----------+-------------------------------------------
     0 | D:1      | Essalna the Demonspawn Fire Elementalist began the quest
                  | for the Orb.
     0 | D:1      | Reached XP level 1. HP: 13/13 MP: 3/3
   334 | D:1      | Gained mutation: You regenerate a little health from kills.
                  | [demonic ancestry]
   334 | D:1      | Reached XP level 2. HP: 19/19 MP: 1/5
   399 | D:1      | Learned a level 2 spell: Scorch
  1106 | D:1      | Gained mutation: You have large cloven feet. [demonic
                  | ancestry]
  1106 | D:1      | Reached XP level 3. HP: 21/24 MP: 6/6
  1278 | D:2      | Found a faded altar of an unknown god.
  2072 | D:3      | Reached XP level 4. HP: 30/30 MP: 3/8
  2941 | D:4      | Noticed a scorpion
  2964 | D:4      | Identified the +8 quarterstaff "Iddaodgh" {chaos, rF+
                  | Str+3}
  2968 | D:4      | Gained mutation: You may rarely emit foul miasma when
                  | damaged in melee. [demonic ancestry]
  2968 | D:4      | Reached XP level 5. HP: 35/35 MP: 3/9
  3261 | D:4      | Reached skill level 1 in Fighting
  3500 | D:3      | Reached XP level 6. HP: 20/43 MP: 3/11
  4166 | D:5      | Entered Level 5 of the Dungeon
  4166 | D:5      | Found a sparkling altar of Nemelex Xobeh.
  4309 | D:5      | Found a staircase to the Ecumenical Temple.
  4318 | Temple   | Entered the Ecumenical Temple
  4329 | Temple   | Became a worshipper of Hepliaklqana the Forgotten
  4401 | D:5      | Identified the +9 whip "Caliedwi" {freeze, rF+ Dex-3
                  | Stlth+}
  4528 | D:5      | Found Mogugogga's Distillery.
  4542 | D:5      | Gained mutation: You regenerate health from kills. [demonic
                  | ancestry]
  4542 | D:5      | Reached XP level 7. HP: 51/51 MP: 2/13
  4634 | D:5      | Identified the +0 ring mail "Cablyrph" {rC+ Str+4}
  5563 | D:6      | Reached * piety under Hepliaklqana
  5668 | D:6      | Found Guorich's Antique Armour Emporium.
  5677 | D:6      | Bought an ichor-stained leather armour for 154 gold pieces
  5677 | D:6      | Identified the +0 leather armour "Bonk" {rN+} (You bought
                  | it in a shop on level 6 of the Dungeon)
  5700 | D:6      | Reached skill level 5 in Fire Magic
  5700 | D:6      | Gained mutation: You have hoof-like feet. [demonic
                  | ancestry]
  5700 | D:6      | Reached XP level 8. HP: 40/54 MP: 2/15
  5719 | D:6      | Reached skill level 5 in Conjurations
  5903 | D:6      | Reached skill level 5 in Spellcasting
  6666 | D:7      | Noticed a two-headed ogre
  6674 | D:7      | Killed a two-headed ogre
  6675 | D:7      | Reached skill level 5 in Fighting
  6675 | D:7      | Reached XP level 9. HP: 59/61 MP: 2/18
  6859 | D:7      | Reached ** piety under Hepliaklqana
  6860 | D:7      | Remembered your ancestor Ur-Dumizida as a knight
  7230 | D:7      | Noticed a deep elf pyromancer
  7787 | D:7      | Killed a deep elf pyromancer
  8113 | D:7      | Noticed a troll
  8294 | D:8      | Identified the +12 war axe of Lumos Exo {drain, rC+++ rCorr
                  | Str+4 Stlth-}
  8391 | D:8      | Gained mutation: You sometimes emit foul miasma when
                  | damaged in melee. [demonic ancestry]
  8391 | D:8      | Reached XP level 10. HP: 66/69 MP: 15/20
  8527 | D:8      | Noticed Harold
  8533 | D:8      | HP: 2/69 [Harold (6)]
  8534 | D:8      | Killed Harold
  9044 | D:8      | Noticed Maggie
  9063 | D:8      | Gained mutation: You possess an exceptional clarity of
                  | mind. [potion of mutation]
  9063 | D:8      | Gained mutation: You are agile. (Dex +2) [potion of
                  | mutation]
  9063 | D:8      | Gained mutation: Your spells are a little easier to cast,
                  | but a little less powerful. [potion of mutation]
  9064 | D:8      | Upgraded the game from 0.28-a0-1613-gdaab1c2f9b to
                  | 0.28-a0-1616-g050a50673c
  9396 | D:9      | Noticed Prince Ribbit
  9428 | D:9      | Killed Prince Ribbit
 10361 | D:8      | Killed Maggie
 10362 | D:8      | Reached skill level 1 in Armour
 10589 | D:8      | Noticed Joseph
 10774 | D:8      | Reached *** piety under Hepliaklqana
 10786 | D:8      | Killed Joseph
 11229 | D:9      | Slain by a gnoll

Illustrated notes

Levels and vault maps discovered:
D:1:      minmay_arrival_hallway, layout_rooms
D:2:      layout_rooms, hellmonk_ecumenical_altar_pennies_from_heaven,
          minmay_pentomino_pile
D:3:      layout_loops_ring
D:4:      layout_basic
D:5:      layout_loops_ring, mainiacjoe_overflow_boulevard,
          minmay_temple_entry_tees, minmay_shop_grid_forest
D:6:      layout_basic, serial_aquarium, aquarium_bridge_square
          [aquarium_subvault_bridge, aquarium_subvault_window,
          aquarium_subvault_wall, aquarium_subvault_window], aquarium_window_1,
          aquarium_window_corridor_1, aquarium_window_fake, aquarium_view_2d,
          aquarium_pool_2, serial_shops, nicolae_shop_advertising_works
          [nicolae_subvault_shop_adworks]
D:7:      cheibrodos_fzero, layout_layer_cave, minmay_bent
D:8:      layout_basic, hangedman_decor_points, minmay_quadrilaterals,
          uniq_maggie, uniq_joseph, uniq_harold
D:9:      layout_roguey, dpeg_oklobed_lair, special_room [special_room_kobold],
          dk_vineyard_3, minmay_puff, uniq_prince_ribbit1
Temple:   dpeg_three_leaves_temple

Skill      XL: |  1  2  3  4  5  6  7  8  9 10 |
---------------+-------------------------------+-----
Fire Magic     | 3 4 5 6 7 8 |  8.3
Conjurations   | 2 3 4 6 7 8 |  8.4
Spellcasting   | 3 4 6 7 8 |  8.0
Fighting       | 1 2 3 5 6 7 |  7.9
Dodging        | 2 |  2.5
Armour         | 1 |  1.4
Stealth        | |  1.7

Action                   |  1- 3 |  4- 6 |  7- 9 | 10-12 || total
-------------------------+-------+-------+-------+-------++-------
Melee: Unarmed           |    27 |       |       |       ||    27
       Dagger            |    19 |    37 |    15 |       ||    71
       Kick              |     3 |    12 |    12 |     1 ||    28
       Staff             |       |       |    20 |     8 ||    28
       Punch             |       |       |     3 |     1 ||     4
 Cast: Foxfire           |    97 |   104 |   211 |    68 ||   480
       Scorch            |       |     5 |    27 |    78 ||   110
Invok: Ancestor Life: Kn |       |       |     1 |       ||     1
  Use: Scroll            |       |       |       |     9 ||     9
       Potion            |       |       |       |     7 ||     7
 Stab: Sleeping          |     1 |     1 |       |       ||     2
Armor: Robe              |    16 |    17 |    29 |    17 ||    79
Dodge: Dodged            |    36 |    39 |    53 |    56 ||   184

Table legend: (Time is in decaauts)
 A = Elapsed time spent in this place.
 B = Non-inter-level travel time spent in this place.
 C = Inter-level travel time spent in this place.
 D = Time resting spent in this place.
 E = Time spent auto-exploring this place.
 F = Levels seen in this place.
 G = Mean time per level.
                   A        B        C        D        E       F      G
               +--------+--------+--------+--------+--------+-----+--------+
         Total |  11216 |  10987 |    229 |      9 |   9433 |  10 | 1121.6 |
       Dungeon |  11196 |  10974 |    222 |      9 |   9433 |   9 | 1244.0 |
        Temple |     19 |     12 |      7 |      0 |      0 |   1 |   19.0 |
               +--------+--------+--------+--------+--------+-----+--------+

Top non-repeatable levels by time:
     D:8: 2360 daAuts
     D:6: 1348 daAuts
     D:1: 1222 daAuts
     D:9: 1135 daAuts
     D:7: 1131 daAuts
     D:3: 1087 daAuts
     D:5: 1053 daAuts
     D:4: 1053 daAuts
     D:2: 804 daAuts
  Temple: 19 daAuts
